 Dungeon Crawl Stone Soup version 0.20.1-1-g8b1a95d (webtiles) character file.

254 vatarom the Shooter (level 5, -2/43 HPs)
             Began as a Demonspawn Hunter on Sept 23, 2017.
             Was an Initiate of Dithmenos.
             Slain by a sky beast (4 damage)
             ... on level 4 of the Dungeon.
             The game lasted 00:14:08 (2513 turns).

vatarom the Shooter (Demonspawn Hunter)             Turns: 2513, Time: 00:14:09

Health: -2/43      AC: 12    Str: 13    XL:     5   Next: 90%
Magic:  14/14      EV: 12    Int: 12    God:    Dithmenos [......]
Gold:   165        SH:  0    Dex: 14    Spells: 4/4 levels left

rFire    + . .     SeeInvis .   b - +3 quarterstaff (chaos)
rCold    . . .     Gourm    .   (shield currently unavailable)
rNeg     . . .     Faith    .   m - +0 leather armour {rF+}
rPois    .         Spirit   .   (no helmet)
rElec    .         Reflect  .   k - +1 cloak
rCorr    .         Harm     .   (no gloves)
MR       .....                  s - +0 pair of boots
Stlth    +.........             (no amulet)
Regen    0.2/turn               h - ring of magical power
MPRegen  0.2/turn               (no ring)

@: sanguine armour
A: talons 1, sanguine armour 1
a: Renounce Religion


You were on level 4 of the Dungeon.
You worshipped Dithmenos.
Dithmenos was noncommittal.
You were not hungry.

You visited 1 branch of the dungeon, and saw 4 of its levels.

You collected 165 gold pieces.

Inventory:

Hand Weapons
 a - a +2 shortbow
 b - a +3 quarterstaff of chaos (weapon)
Missiles
 d - 106 arrows
Armour
 k - a +1 cloak (worn)
 m - a +0 leather armour of fire resistance (worn)
 s - a +0 pair of boots (worn)
Jewellery
 h - a ring of magical power (left hand)
Wands
 n - a wand of paralysis (16/24)
Scrolls
 j - 2 scrolls of remove curse
 l - 3 scrolls of identify
 o - 2 scrolls of enchant weapon
Potions
 i - 2 potions of brilliance
Comestibles
 f - a bread ration
 g - a meat ration


   Skills:
 + Level 4.7 Fighting
 + Level 5.1 Bows
 - Level 1.7 Dodging
 - Level 0.8 Stealth


You had 4 spell levels left.
You didn't know any spells.

Dungeon Overview and Level Annotations

Branches:
Dungeon (4/15)
 Temple: D:4-7

Altars:
Dithmenos
Gozag


Innate Abilities, Weirdness & Mutations

You have sharp toenails.
When seriously injured, your bleeding wounds create armour. (AC +6)


Message History

You barely miss the sky beast.
The sky beast is severely wounded.
The sky beast hits you but does no damage.
The sky beast barely misses you.
You closely miss the sky beast.
The sky beast is severely wounded.
The sky beast hits you but does no damage.
Dithmenos does not appreciate your starting fires!
You feel guilty.
You hit the sky beast.
You feel better.
The sky beast is almost dead.
The sky beast barely misses you.
Dithmenos does not appreciate your starting fires!
You feel guilty.
You hit the sky beast.
Dithmenos does not appreciate your starting fires!
You burn the sky beast.
The sky beast is almost dead.
The sky beast hits you.
* * * LOW HITPOINT WARNING * * *
The sky beast shocks you.
You die...

####.#...........'..'......#
#.##..........####......#
#.##....[.....# #......# #
#.##.(....(...# #......# #
#.#####.####'######'##### ##
#.### #.# #<(...##.# .#
#...# #.# ##(##.##.#
.###.#.# #.# #Y##.##.#
.#.....# #.#####@##.##.#
.#.#.### #.......#.....#
...#.# ###############
#..#.# ...#)# #..#.# ##.#.#
.#.#.# .#...#


You could see a sky beast.

Vanquished Creatures
  An ogre (D:4)
  Crazy Yiuf (D:2)
  A worker ant (D:4)
  3 adders
  A worm (D:2)
  4 dart slugs
  An orc (D:3)
  13 bats
  2 giant cockroaches (D:2)
  12 goblins
  11 hobgoblins
  2 jackals (D:2)
  12 kobolds
  4 quokkas
  7 frilled lizards
  5 rats
80 creatures vanquished.

Notes
Turn   | Place    | Note
-------+----------+-------------------------------------------
     0 | D:1      | vatarom the Demonspawn Hunter began the quest for the Orb.
     0 | D:1      | Reached XP level 1. HP: 16/16 MP: 1/1
   119 | D:1      | Gained mutation: When seriously injured, your bleeding wounds create armour. (AC +6) [demonic ancestry]
   119 | D:1      | Reached XP level 2. HP: 23/23 MP: 2/2
   416 | D:1      | Reached skill level 4 in Bows
   662 | D:1      | Gained mutation: You have sharp toenails. [demonic ancestry]
   662 | D:1      | Reached XP level 3. HP: 29/29 MP: 3/3
   901 | D:2      | Found an opulent altar of Gozag.
  1021 | D:2      | Found a runed door.
  1025 | D:2      | Noticed Crazy Yiuf
  1042 | D:2      | Killed Crazy Yiuf
  1042 | D:2      | Reached XP level 4. HP: 12/36 MP: 4/4
  2095 | D:3      | Found a shadowy altar of Dithmenos.
  2101 | D:3      | Became a worshipper of Dithmenos the Shadowed
  2165 | D:4      | Reached XP level 5. HP: 42/42 MP: 5/5
  2270 | D:4      | Noticed a sky beast
  2377 | D:4      | Noticed an ogre
  2383 | D:4      | Killed an ogre
  2383 | D:4      | Reached skill level 5 in Bows
  2513 | D:4      | HP: 2/43 [sky beast (4)]
  2513 | D:4      | Slain by a sky beast

Skill      XL: |  1  2  3  4  5 |
---------------+----------------+-----
Bows           | 4 5 |  5.1
Fighting       | 3 4 |  4.7
Dodging        | |  1.7
Stealth        | |  0.8

Action                   |  1- 3 |  4- 6 || total
-------------------------+-------+-------++-------
Melee: Short sword       |     5 |       ||     5
       Quarterstaff      |       |    25 ||    25
       Kick              |       |     2 ||     2
 Fire: Shortbow          |   108 |   111 ||   219
  Use: Scroll            |     5 |     3 ||     8
       Potion            |     1 |     3 ||     4
  Eat: Meat ration       |       |     1 ||     1
Armor: Leather armour    |    10 |    34 ||    44
Dodge: Dodged            |    33 |    49 ||    82
